 Dungeon Crawl Stone Soup version 0.30-a0-335-ge5acde7520 (webtiles) character file.

Game seed: 5830346339886515278

107 gruber the Conjurer (level 4, -2/33 HPs)
             Began as a Draconian Conjurer on Oct 30, 2022.
             Slain by Crazy Yiuf
             ... wielding a +3 quarterstaff of chaos
              (7 damage)
             ... on level 2 of the Dungeon.
             The game lasted 00:02:03 (2307 turns).

gruber the Conjurer (Draconian Conjurer)            Turns: 2307, Time: 00:02:04

Health: -2/33      AC:  5    Str:  9    XL:     4   Next: 56%
Magic:  0/8        EV: 12    Int: 21    God:
Gold:   112        SH:  0    Dex:  9    Spells: 5/8 levels left

rFire   . . .      SeeInvis .    b - +0 short sword
rCold   . . .      Faith    .    (no shield)
rNeg    . . .      Spirit   +    (body armour unavailable)
rPois   .          Reflect  .    (helmet restricted)
rElec   .          Harm     .    d - scarf {repulsion}
rCorr   .          Rampage  .    (no gloves)
Will    .....                    (no boots)
Stlth   ++........               l - amulet of guardian spirit
HPRegen 0.25/turn                (no ring)
MPRegen 0.11/turn                (no ring)

@: repel missiles
A: AC +5, unfitting armour, cold-blooded
a: no special abilities


You were on level 2 of the Dungeon.
You visited 1 branch of the dungeon, and saw 2 of its levels.

You collected 112 gold pieces.

Inventory:

Hand Weapons
 b - a +0 short sword (weapon)
Armour
 d - a scarf of repulsion (worn)
Jewellery
 g - a ring of fire
 l - an amulet of guardian spirit (around neck)
 o - a +6 ring of intelligence
Scrolls
 c - 2 scrolls of identify {unknown}
 e - a scroll of silence {unknown}
 h - a scroll of magic mapping {unknown}
 j - a scroll of noise {unknown}
 k - a scroll of vulnerability {unknown}
 n - a scroll of brand weapon {unknown}
 p - a scroll of teleportation {unknown}
Potions
 a - a potion of magic
 f - a potion of lignification {unknown}
 i - a potion of invisibility {unknown}
 m - a potion of brilliance {unknown}


   Skills:
 - Level 1.7 Dodging
 - Level 1.7 Stealth
 + Level 2.7 Spellcasting
 + Level 5.6 Conjurations


You had 5 spell levels left.
You knew the following spells:

 Your Spells              Type           Power      Damage    Failure   Level
a - Magic Dart            Conj           100%       1d8       1%          1
b - Searing Ray           Conj           52%        2d6       1%          2

Your spell library contained the following spells:

 Spells                   Type           Power      Damage    Failure   Level
 Dazzling Flash           Conj/Hex       28%        N/A       13%         3
 Apportation              Tloc           4%         N/A       14%         1
 Necrotise                Necr           8%         1d4       14%         1
 Summon Small Mammal      Summ           8%         N/A       14%         1
 Frozen Ramparts          Ice            4%         1d1       38%         3
 Fulminant Prism          Conj/Hex       7%         3d6       38%         4
 Iskenderun's Mystic Bla  Conj/Tloc      14%        2d5       38%         4
 Ice Form                 Ice/Tmut       2%         N/A       80%         4
 Summon Ice Beast         Ice/Summ       2%         N/A       80%         4


Dungeon Overview and Level Annotations

Branches:
Dungeon (2/15)

Altars:

Annotations:
D:2 Crazy Yiuf


Innate Abilities, Weirdness & Mutations

Your plain brown scales are hard. (AC +5)
You cannot fit into any form of body armour.
You are cold-blooded and may be slowed by cold attacks.


Message History

The searing ray hits the gnoll.
You kill the gnoll!
You see here a +0 club.
Things that are here:
a +0 whip; a gnoll skeleton
Found a hammer.
Found a runed translucent door.
You open the door.
Crazy Yiuf shouts!
Casting: Searing Ray (safe; 1% risk of failure)
Confirm with . or Enter, or press ? or * to list all spells.
Aiming: Searing Ray (safe; 1% risk of failure)
Press: ? - help, Shift-Dir - straight line, f - Crazy Yiuf
Aim: Crazy Yiuf, wielding a +3 quarterstaff of chaos and wearing a +1 cloak of stealth (82% to hit)
The searing ray hits Crazy Yiuf!
Crazy Yiuf is heavily wounded. (Press . to maintain the ray.)
The searing ray hits Crazy Yiuf.
Crazy Yiuf is heavily wounded.
The searing ray hits Crazy Yiuf.
Crazy Yiuf is severely wounded.
Crazy Yiuf misses you.
The searing ray hits Crazy Yiuf.
Crazy Yiuf is almost dead.
You finish channelling your searing ray.
Crazy Yiuf hits you with a +3 quarterstaff of chaos!
Casting: Searing Ray (safe; 1% risk of failure)
Confirm with . or Enter, or press ? or * to list all spells.
Aiming: Searing Ray (safe; 1% risk of failure)
Press: ? - help, Shift-Dir - straight line, f/p - Crazy Yiuf
Aim: Crazy Yiuf, wielding a +3 quarterstaff of chaos and wearing a +1 cloak of stealth (almost dead, 82% to hit)
The searing ray hits Crazy Yiuf.
Crazy Yiuf is almost dead. (Press . to maintain the ray.) Crazy Yiuf hits you with a +3 quarterstaff of chaos!
Crazy Yiuf burns you.
* * * LOW HITPOINT WARNING * * *
You hit Crazy Yiuf but do no damage.
Your tail-slap misses Crazy Yiuf.
Crazy Yiuf is almost dead.
Crazy Yiuf hits you with a +3 quarterstaff of chaos!
You die...

##..........
#...........
##..........
#####
#..........
#..)#
#..........
#...#
#.....#####
... #.....#
#g# #######
♣♣@♣ ♣.♣♣
♣♣.♣ ♣.♣♣
♣♣.♣♣ ♣...♣♣
♣♣...♣
#....#
##.)####


You could see Crazy Yiuf.

Vanquished Creatures
  3 gnolls (D:2)
  3 adders (D:2)
  3 ball pythons
  A bat (D:1)
  4 endoplasms
  3 giant cockroaches
  5 goblins (D:2)
  6 hobgoblins
  5 jackals
  A quokka (D:1)
  3 frilled lizards
  10 kobolds
  4 rats
51 creatures vanquished.

Vanquished Creatures (others)
  5 fungi (D:2)
5 creatures vanquished.

Grand Total: 56 creatures vanquished

Notes
Turn   | Place    | Note
-------+----------+-------------------------------------------
     0 | D:1      | gruber the Draconian Conjurer began the quest for the Orb.
     0 | D:1      | Reached XP level 1. HP: 14/14 MP: 3/3
   326 | D:1      | Reached XP level 2. HP: 20/20 MP: 0/5
  1163 | D:2      | Reached XP level 3. HP: 26/26 MP: 2/6
  1334 | D:2      | Reached skill level 5 in Conjurations
  1552 | D:2      | Reached XP level 4. HP: 33/33 MP: 2/7
  1555 | D:2      | Learned a level 2 spell: Searing Ray
  2297 | D:2      | Found a runed translucent door.
  2298 | D:2      | Noticed Crazy Yiuf
  2307 | D:2      | Slain by Crazy Yiuf

Illustrated notes

Levels and vault maps discovered:
D:1:      dpeg_arrival_connections, layout_basic, hex_medium
D:2:      layout_basic, minmay_hexomino_c4, uniq_crazy_yiuf_cottage

Skill      XL: |  1  2  3 |
---------------+----------+-----
Conjurations   | 5 |  5.6
Dodging        | |  1.7
Stealth        | |  1.7
Spellcasting   | |  2.7

Action                   |  1- 3 |  4- 6 || total
-------------------------+-------+-------++-------
Melee: Unarmed           |    20 |       ||    20
       Tailslap          |     7 |       ||     7
       Punch             |     1 |       ||     1
       Short sword       |    52 |     3 ||    55
 Cast: Magic Dart        |    76 |    20 ||    96
       Searing Ray       |       |     4 ||     4
Armor: Skin              |    28 |       ||    28
Dodge: Dodged            |    56 |     7 ||    63

Table legend: (Time is in decaauts)
 A = Elapsed time spent in this place.
 B = Non-inter-level travel time spent in this place.
 C = Inter-level travel time spent in this place.
 D = Time resting spent in this place.
 E = Time spent auto-exploring this place.
 F = Levels seen in this place.
 G = Mean time per level.
                   A        B        C        D        E       F      G
               +--------+--------+--------+--------+--------+-----+--------+
         Total |   2306 |   2291 |     15 |      0 |   1925 |   2 | 1153.0 |
       Dungeon |   2306 |   2291 |     15 |      0 |   1925 |   2 | 1153.0 |
               +--------+--------+--------+--------+--------+-----+--------+

Top non-repeatable levels by time:
     D:2: 1224 daAuts
     D:1: 1081 daAuts
